 Dungeon Crawl Stone Soup version 0.29.0-11-gd7f09526c8 (webtiles) character file.

Game seed: 3636044204558262433

4289 Destapler the Basher (level 10, -11/98 HPs)
             Began as a Troll Berserker on Sept 4, 2022.
             Was a Priest of Trog.
             Mangled by a two-headed ogre
             ... wielding a +0 giant spiked club
              (22 damage)
             ... on level 9 of the Dungeon.
             The game lasted 00:16:44 (6280 turns).

Destapler the Basher (Troll Berserker)              Turns: 6280, Time: 00:16:46

Health: -11/98     AC:  3    Str: 34    XL:     10   Next: 11%
Magic:  9/9        EV: 13    Int:  3    God:    Trog [***...]
Gold:   243        SH:  0    Dex: 13    Spells: 9/9 levels left

rFire   . . .      SeeInvis .   a - +3 dire flail
rCold   . . .      Faith    .   (shield currently unavailable)
rNeg    . . .      Spirit   .   b - +0 animal skin
rPois   +          Reflect  .   (helmet restricted)
rElec   .          Harm     .   e - +2 cloak
rCorr   .          Rampage  .   (gloves unavailable)
Will    ++...                   (boots unavailable)
Stlth   +.........              (no amulet)
HPRegen 2.06/turn               k - ring of flight
MPRegen 0.11/turn               K - ring "Dirphaoto" {rPois Str+7}

@: confused, ambrosia-drunk, strong-willed, corroded, on berserk cooldown,
flying, regenerating, slowed, very slow
A: large, unfitting armour, claws 3, regeneration 1, shaggy fur 1, tough skin 1
a: Renounce Religion, Berserk, Trog's Hand


You were on level 9 of the Dungeon.
You worshipped Trog.
Trog was most pleased with you.
You visited 1 branch of the dungeon, and saw 11 of its levels.
You also visited: Ossuary.

You collected 660 gold pieces.
You spent 417 gold pieces at shops.

Inventory:

Hand Weapons
 a - a +3 dire flail (weapon)
 z - a +0 flail
Missiles
 r - 7 atropa-tipped darts
 s - 14 poisoned darts
 D - 5 silver javelins (quivered)
Armour
 b - a +0 animal skin (worn)
 e - a +2 cloak (worn)
Jewellery
 k - a ring of flight (left claw)
 m - a ring of resist corrosion
 J - a ring of positive energy
 K - the ring "Dirphaoto" (right claw) {rPois Str+7}
   (You bought it in a shop on level 8 of the Dungeon)

   [ring of poison resistance]

   Str:       It affects your strength (+7).
   rPois:     It protects you from poison.
Wands
 c - a wand of digging (2)
 u - a wand of charming (4)
 G - a wand of mindburst (8)
 H - a wand of roots (6)
Scrolls
 i - 2 scrolls of poison
 q - 3 scrolls of fear
 t - 5 scrolls of teleportation
 x - a scroll of torment {unknown}
 y - 2 scrolls of enchant armour {unknown}
 A - 2 scrolls of identify
 C - a scroll of vulnerability {unknown}
 E - a scroll of magic mapping {unknown}
 I - a scroll of brand weapon {unknown}
Potions
 d - a potion of might {unknown}
 f - 2 potions of cancellation {unknown}
 g - 3 potions of attraction
 h - 2 potions of haste
 j - a potion of heal wounds
 l - 5 potions of curing {unknown}
 n - 2 potions of ambrosia
 o - a potion of degeneration {unknown}
 p - a potion of lignification {unknown}
 v - 2 potions of experience {unknown}
 w - a potion of resistance {unknown}
 B - 6 potions of mutation {unknown}
 F - 3 potions of brilliance {unknown}


   Skills:
 - Level 6.0 Fighting
 + Level 8.0 Maces & Flails
 - Level 3.0 Throwing
 - Level 2.0 Armour
 + Level 7.8 Dodging
 - Level 2.0 Shields
 - Level 1.0 Evocations


You had 9 spell levels left.
You didn't know any spells.
Your spell library contained the following spells:

 Spells                   Type           Power      Damage    Failure   Level
 Foxfire                  Conj/Fire      0%         2x1d4     52%         1
 Conjure Flame            Conj/Fire      0%         6-21      88%         3
 Gell's Gravitas          Tloc           0%         N/A       88%         3
 Inner Flame              Hex/Fire       0%         N/A       88%         3
 Lesser Beckoning         Tloc           0%         N/A       88%         3
 Teleport Other           Tloc           0%         N/A       88%         3
 Flame Wave               Conj/Fire      0%         2d4       99%         4
 Iskenderun's Battlesphe  Conj           0%         2d6       100%        5
 Dispersal                Tloc           0%         N/A       100%        6
 Iron Shot                Conj/Erth      0%         9d1       100%        6
 Spellforged Servitor     Conj/Summ      0%         N/A       100%        7


Dungeon Overview and Level Annotations

Branches:
Dungeon (11/15)            Temple (0/1) D:6         Ossuary (visited)
   Lair: D:8-11         Orc: D:9-12

Altars:
Cheibriados
Fedhas
Makhleb
Nemelex Xobeh
Uskayaw
Xom

Shops:
D:1 =?!   D:3 :   D:5 *   D:8 =


Innate Abilities, Weirdness & Mutations

You are too large for most types of armour.
You have claws for hands.
Your natural rate of healing is unusually fast.
You are covered in fur. (AC +1)
You have tough skin. (AC +1)


Message History

The two-headed ogre hits you with a +0 giant spiked club!!
The two-headed ogre misses you.
You sock the two-headed ogre!
The two-headed ogre is moderately wounded.
You barely miss the two-headed ogre.
The two-headed ogre is moderately wounded.
The two-headed ogre barely misses you.
The two-headed ogre hits you with a +0 giant club!!
* * * LOW HITPOINT WARNING * * *
You hit the two-headed ogre.
The two-headed ogre is moderately wounded.
You sock the two-headed ogre!
The two-headed ogre is heavily wounded.
You puncture the two-headed ogre!
The two-headed ogre is severely wounded.
You are no longer berserk.
You are exhausted.
You feel yourself slow down. The two-headed ogre misses you.
The two-headed ogre hits you with a +0 giant club!!
* * * LOW HITPOINT WARNING * * *
You feel much better.
The two-headed ogre hits you with a +0 giant spiked club!
* * * LOW HITPOINT WARNING * * *
The two-headed ogre completely misses you.
You hit the two-headed ogre.
The two-headed ogre is almost dead.
The two-headed ogre barely misses you.
The two-headed ogre hits you with a +0 giant club!!
* * * LOW HITPOINT WARNING * * *
The acid dragon spits acid at you. The splash of acid hits you!
* * * LOW HITPOINT WARNING * * *
The acid corrodes you!
You are confused.
You feel invigorated. The acid dragon bites you.
* * * LOW HITPOINT WARNING * * *
The acid dragon claws you but does no damage.
A wight comes into view.
It is wielding a +4 scimitar of freezing.
The two-headed ogre hits you with a +0 giant spiked club!!
You die...

....#.o ..[.. #... #..#
#..# . ##. #.)## ... #..
##..# ....
###.###D###.....
#.....†@#..........
##.....O........... ..
.#..............##.....
................#.##..
..z...!.............## #.
.....................##..
........................
....................#.#
..........##..##......#


You could see a two-headed ogre, an acid dragon (catching breath) and a wight.

Vanquished Creatures
  A two-headed ogre (D:10)
  Grinder (D:6)
  3 yaks (D:7)
  Menkaure (D:7)
  An acid dragon (D:9)
  A water moccasin (D:6)
  2 ice beasts
  An ogre (D:7)
  A centaur (D:7)
  4 phantoms
  2 kobold brigands
  3 necrophages
  3 scorpions
  7 wights
  5 killer bees (D:8)
  A howler monkey (D:5)
  4 hounds
  A jelly (D:7)
  3 orc priests
  A gnoll bouda (D:7)
  4 iguanas
  2 orc wizards
  Robin (D:2)
  8 mummies (Ossuary)
  A gnoll (D:5)
  6 adders
  A shadow imp (D:5)
  5 white imps
  An ufetubus (D:5)
  A worm (D:2)
  2 dart slugs
  21 orcs
  11 ball pythons
  3 bats
  2 endoplasms
  A giant cockroach (D:1)
  10 goblins
  9 hobgoblins
  9 jackals
  13 kobolds
  3 quokkas
  3 frilled lizards
  A gnoll zombie (Ossuary)
  6 hobgoblin zombies (Ossuary)
  An orc zombie (Ossuary)
  8 rats
179 creatures vanquished.

Vanquished Creatures (collateral kills)
  A sky beast (D:6)
1 creature vanquished.

Vanquished Creatures (others)
  A water moccasin (D:7)
1 creature vanquished.

Grand Total: 181 creatures vanquished

Notes
Turn   | Place    | Note
-------+----------+-------------------------------------------
     0 | D:1      | Destapler the Troll Berserker began the quest for the Orb.
     0 | D:1      | Reached XP level 1. HP: 22/22 MP: 0/0
    48 | D:1      | Found Fyt Qirch's Distillery.
    73 | D:1      | Found Ohuaj's Magic Scroll Emporium.
   170 | D:1      | Found Nacaupil's Jewellery Boutique.
   218 | D:1      | Reached XP level 2. HP: 29/29 MP: 1/1
   244 | D:1      | Found a faded altar of an unknown god.
   437 | D:1      | Reached skill level 3 in Maces & Flails
   743 | D:2      | Reached XP level 3. HP: 28/36 MP: 2/2
   777 | D:2      | Reached ** piety under Trog
   840 | D:2      | Reached XP level 4. HP: 45/45 MP: 3/3
  1005 | D:2      | Noticed Robin
  1026 | D:2      | Killed Robin
  1371 | D:3      | Reached XP level 5. HP: 46/53 MP: 4/4
  1374 | D:3      | Reached skill level 1 in Shields
  1494 | D:3      | Reached skill level 1 in Throwing
  1551 | D:3      | Identified the +1 ring mail "Vugym" {Fly rF+ rCorr}
  1643 | D:3      | Found a burning altar of Makhleb.
  1643 | D:3      | Found a blossoming altar of Fedhas.
  1644 | D:3      | Found a sparkling altar of Nemelex Xobeh.
  1644 | D:3      | Found a snail-covered altar of Cheibriados.
  1648 | D:3      | Found a hide-covered altar of Uskayaw.
  1941 | D:3      | Noticed a phantom
  1954 | D:3      | Killed a phantom
  1955 | D:3      | Reached skill level 1 in Armour
  1955 | D:3      | Reached skill level 1 in Evocations
  2149 | D:3      | Found Qeefroon's Vocational Training.
  2352 | D:4      | Reached XP level 6. HP: 61/61 MP: 5/5
  2609 | D:4      | Reached *** piety under Trog
  3042 | D:5      | Entered Level 5 of the Dungeon
  3107 | D:5      | Found Joroetha's Assorted Antiques.
  3152 | D:5      | Reached skill level 4 in Maces & Flails
  3152 | D:5      | Reached XP level 7. HP: 68/68 MP: 6/6
  3699 | D:5      | Reached XP level 8. HP: 79/79 MP: 7/7
  4194 | D:6      | Reached skill level 5 in Maces & Flails
  4242 | D:6      | Found a staircase to the Ecumenical Temple.
  4308 | D:6      | Noticed Grinder
  4348 | D:6      | Reached skill level 5 in Fighting
  4348 | D:6      | Paralysed by Grinder for 2 turns
  4355 | D:6      | Killed Grinder
  4356 | D:6      | Reached skill level 5 in Dodging
  4507 | D:6      | Found a sand-covered staircase.
  4518 | Ossuary  | Entered an ossuary
  4539 | Ossuary  | Reached skill level 6 in Maces & Flails
  4837 | D:6      | Reached XP level 9. HP: 86/89 MP: 8/8
  4941 | D:6      | Found a shimmering altar of Xom.
  5311 | D:7      | Noticed Menkaure
  5322 | D:7      | Killed Menkaure
  5344 | D:7      | Reached **** piety under Trog
  5617 | D:7      | Reached skill level 7 in Maces & Flails
  5836 | D:8      | Found Hargh's Jewellery Emporium.
  5839 | D:8      | Bought the ring "Dirphaoto" {rPois Str+7} for 417 gold
                  | pieces
  5971 | D:8      | You are sucked into a shaft and drop 3 floors!
  5980 | D:10     | Entered Level 10 of the Dungeon
  6160 | D:10     | Noticed a two-headed ogre
  6166 | D:10     | Killed a two-headed ogre
  6167 | D:10     | Reached XP level 10. HP: 98/98 MP: 9/9
  6263 | D:9      | Noticed a two-headed ogre
  6266 | D:9      | Reached skill level 8 in Maces & Flails
  6279 | D:9      | HP: 3/98 [acid dragon/splash of acid (7)]
  6280 | D:9      | Mangled by a two-headed ogre

Illustrated notes

Levels and vault maps discovered:
D:1:      nicolae_arrival_memento_mori, layout_basic, serial_shops,
          nicolae_shop_competitors_out_of_business, shop_scrolls,
          nicolae_shop_waterfront, hellmonk_ecumenical_altar_arch_garden
D:2:      layout_rooms, minmay_hexomino_c4, uniq_robin
D:3:      layout_basic, minitemple, nicolae_shop_vocational
D:4:      layout_loops_ring, hex_large, lemuel_old_faithful
D:5:      minmay_skewed_foursquare, layout_basic, serial_shops, shop
D:6:      layout_cave_pools, mainiacjoe_overflow_alcove_4,
          minmay_temple_entry_trees, nicolae_ossuary_entry_monument,
          minmay_misc_feat_alley, st_stairs_12, minmay_misc_feat_hallway,
          uniq_grinder
D:7:      layout_basic, dreamdust_gnoll_shepherd, uniq_menkaure
D:8:      layout_cave_pools, lair_entry_dummy, minmay_strange_pillars,
          nicolae_stop_n_shop_2, serial_bayou_pond_b, nrook_mini_backslash
D:9:      layout_cave_pools, mainiacjoe_overflow_small_starburst
D:10:     layout_loops_ring, gammafunk_temple_overflow_arena
D:11:     layout_big_octagon, uniq_nergalle, uniq_psyche, uniq_grum, uniq_erica

Skill      XL: |  1  2  3  4  5  6  7  8  9 10 |
---------------+-------------------------------+-----
Maces & Flails | 3 4 6 7 8 |  8.0
Fighting       | 3 4 5 6 |  6.0
Dodging        | 3 4 5 7 |  7.8
Shields        | 1 2 |  2.0
Throwing       | 1 2 3 |  3.0
Armour         | 1 2 |  2.0
Evocations     | 1 |  1.0

Action                   |  1- 3 |  4- 6 |  7- 9 | 10-12 || total
-------------------------+-------+-------+-------+-------++-------
Melee: Unarmed           |   100 |   174 |   308 |       ||   582
       Punch             |     1 |     1 |     4 |       ||     6
       Dire flail        |       |       |   100 |    13 ||   113
Throw: Dart              |       |     3 |     2 |       ||     5
Invok: Berserk           |     1 |     6 |    14 |     1 ||    22
       Trog's Hand       |       |       |     4 |     1 ||     5
  Use: Scroll            |       |     8 |     4 |       ||    12
       Potion            |       |       |     1 |     2 ||     3
 Stab: Sleeping          |     1 |     2 |       |       ||     3
       Distracted        |       |     1 |       |       ||     1
Armor: Animal skin       |    41 |   100 |   153 |     1 ||   295
Dodge: Dodged            |    52 |   108 |   279 |     9 ||   448
